 Dungeon Crawl Stone Soup version 0.21.1-1-g345015f (webtiles) character file.

87 Solrac the Grave Robber (level 4, -4/30 HPs)
             Began as a Demonspawn Necromancer on Feb 17, 2018.
             Slain by a gnoll (6 damage)
             ... on level 2 of the Dungeon.
             The game lasted 00:15:10 (1488 turns).

Solrac the Grave Robber (Demonspawn Necromancer)    Turns: 1488, Time: 00:15:10

Health: -4/30      AC:  4    Str:  9    XL:     4   Next: 28%
Magic:  1/8        EV: 12    Int: 17    God:
Gold:   62         SH:  0    Dex: 13    Spells: 6/8 levels left

rFire    . . .     SeeInvis .   d - +0 dagger (elec)
rCold    . . .     Gourm    .   (no shield)
rNeg     + . .     Faith    .   a - +0 robe
rPois    .         Spirit   .   (no helmet)
rElec    .         Reflect  .   (no cloak)
rCorr    .         Harm     .   (no gloves)
MR       .....                  h - +0 pair of boots
Stlth    ++........             (no amulet)
HPRegen  0.10/turn              g - ring of positive energy
MPRegen  0.11/turn              j - +1 ring of protection

@: no status effects
A: hooves 2, sturdy frame 1
a: no special abilities


You were on level 2 of the Dungeon.
You were not hungry.

You visited 1 branch of the dungeon, and saw 2 of its levels.

You collected 62 gold pieces.

Inventory:

Hand Weapons
 d - a +0 dagger of electrocution (weapon)
Missiles
 e - 41 stones (quivered)
 i - a throwing net
Armour
 a - a +0 robe (worn)
 h - a +0 pair of boots (worn)
Jewellery
 g - a ring of positive energy (left hand)
 j - a +1 ring of protection (right hand)
Books
 b - a book of Necromancy

   Spells                             Type                      Level
   a - Pain                           Necromancy                   1
   b - Animate Skeleton               Necromancy                   1
   c - Vampiric Draining              Necromancy                   3
   d - Regeneration                   Charms/Necromancy            3
   e - Animate Dead                   Necromancy                   4
   f - Borgnjor's Vile Clutch         Necromancy/Earth             5
Comestibles
 c - 4 rations


   Skills:
 + Level 0.2 Short Blades
 + Level 1.9 Dodging
 + Level 1.9 Stealth
 + Level 2.9 Spellcasting
 + Level 5.6 Necromancy


You had 6 spell levels left.
You knew the following spells:

 Your Spells              Type           Power        Failure   Level  Hunger
a - Pain                  Necr           ###.         1%          1    None
b - Animate Skeleton      Necr           N/A          1%          1    None


Dungeon Overview and Level Annotations

Branches:
Dungeon (2/15)

Altars:

Annotations:
D:2 Robin


Innate Abilities, Weirdness & Mutations

You have hoof-like feet.
Your movements are slightly less encumbered by armour. (ER -2)


Message History

The gnoll barely misses you.
You hit the goblin.
The goblin is heavily wounded.
The hobgoblin hits you.
* * * LOW HITPOINT WARNING * * *
Robin throws the goblin at you! The gnoll closely misses you.
The goblin completely misses you.
You hit the gnoll but do no damage.
The gnoll is severely wounded.
The goblin closely misses you. The hobgoblin hits you.
* * * LOW HITPOINT WARNING * * *
The gnoll barely misses you. The gnoll hits you.
* * * LOW HITPOINT WARNING * * *
The goblin misses you.
Unknown command.
You hit the gnoll but do no damage. The goblin barely misses you.
The hobgoblin misses you.
The hobgoblin hits you but does no damage.
The goblin barely misses you. The gnoll hits you.
You die...

#.))............#.....#
#....##...#...........>...
....#.##...##...#...#.....#
.........#####.##...#.....#
# ...$..# ###.####.###.###
....... #...............
....... #..........###..
......g##..........# #..
#..#.g@g!.........###..
......ggg#g..##.....##..
.........##............#
.......(.##...........##
.......g.##.##..........
......?gg#..##..........
.......... ###..........
.......... #.........<
##.##..#. #..........


You could see Robin, 2 gnolls, 3 hobgoblins and 4 goblins.

Vanquished Creatures
  Jessica (D:2)
  2 gnolls (D:2)
  An ooze (D:2)
  2 dart slugs (D:1)
  A ball python (D:1)
  A giant cockroach (D:1)
  4 goblins
  A hobgoblin (D:1)
  6 kobolds (D:1)
  5 bats
  2 frilled lizards (D:1)
  3 rats (D:1)
29 creatures vanquished.

Vanquished Creatures (collateral kills)
  An adder (D:2)
  A rat (D:1)
2 creatures vanquished.

Grand Total: 31 creatures vanquished

Notes
Turn   | Place    | Note
-------+----------+-------------------------------------------
     0 | D:1      | Solrac the Demonspawn Necromancer began the quest for the Orb.
     0 | D:1      | Reached XP level 1. HP: 13/13 MP: 3/3
   141 | D:1      | Learned a level 1 spell: Animate Skeleton
   305 | D:1      | Gained mutation: Your movements are slightly less encumbered by armour. (ER -2) [demonic ancestry]
   305 | D:1      | Reached XP level 2. HP: 17/19 MP: 1/5
   682 | D:1      | Reached skill level 5 in Necromancy
   982 | D:2      | Noticed Jessica
  1047 | D:2      | Killed Jessica
  1047 | D:2      | Gained mutation: You have large cloven feet. [demonic ancestry]
  1047 | D:2      | Reached XP level 3. HP: 16/24 MP: 0/6
  1463 | D:2      | Gained mutation: You have hoof-like feet. [demonic ancestry]
  1463 | D:2      | Reached XP level 4. HP: 23/30 MP: 1/8
  1484 | D:2      | Noticed Robin
  1488 | D:2      | Slain by a gnoll

Skill      XL: |  1  2 |
---------------+-------+-----
Necromancy     | 5 |  5.6
Short Blades   | |  0.2
Dodging        | |  1.9
Stealth        | |  1.9
Spellcasting   | |  2.9

Action                   |  1- 3 |  4- 6 || total
-------------------------+-------+-------++-------
Melee: Dagger            |    20 |     6 ||    26
 Cast: Pain              |    48 |     4 ||    52
       Animate Skeleton  |     5 |       ||     5
  Use: Scroll            |     4 |       ||     4
       Potion            |     3 |       ||     3
  Eat: Chunk             |     2 |       ||     2
Armor: Robe              |     9 |     2 ||    11
Dodge: Dodged            |    13 |    14 ||    27
